[Event "Mentese GM 2019"]
[Site "Mentese"]
[Date "2019.06.24"]
[Round "2.1"]
[White "Bagaturov, Giorgi"]
[Black "Annaberdiev, Meilis"]
[Result "1-0"]
[ECO "A58"]
[WhiteElo "2422"]
[BlackElo "2532"]
[Annotator "ChessBase"]
[PlyCount "105"]
[EventDate "2019.06.24"]
[EventType "schev"]
[EventCountry "TUR"]
[SourceTitle "playchess.com"]
[Source "ChessBase"]
[SourceQuality "1"]
[TimeControl "5400+30"]

1. d4 Nf6 2. Nf3 g6 3. c4 Bg7 4. g3 O-O 5. Bg2 c5 6. d5 b5 7. cxb5 d6 8. Nc3 a6 9. bxa6 Bxa6 10. Rb1 Bc8 11. Nd2 Nbd7 12. O-O Nb6 13. Qc2 h5 14. h3 e6 15. dxe6 Bxe6 16. e4 Qc8 17. h4 Ng4 18. Nf3 Bxa2 19. Nxa2 Rxa2 20. Rd1 c4 21. Bf4 c3 22. Bxd6 Rxb2 23. Rxb2 cxb2 24. Qb3 Qc1 25. Ba3 Rc8 26. Ng5 Qc4 27. Qxb6 Bd4 28. Rxd4 b1=Q+ 29. Qxb1 Qxd4 30. Qa2 Ne5 31. Bb2 Qd1+ 32. Bf1 Qc2 33. Qa3 Ng4 34. Bd4 Qc7 35. Qa2 Qd7 36. Qd5 Qxd5 37. exd5 Rc1 38. d6 Rd1 39. Nf3 Kf8 40. Kg2 Rb1 41. Ne5 Rd1 42. Nc6 Ke8 43. Bb5 Kd7 44. Bc5 Nf6 45. Nd4+ Kc8 46. Be2 Rc1 47. Ba6+ Kd7 48. Bb5+ Kc8 49. Bb6 Rc3 50. Bc7 Rc5 51. Nc6 Nd5 52. Ne7+ Kb7 53. Nxd5 1-0

[Event "Mentese GM 2019"]
[Site "Mentese"]
[Date "2019.06.24"]
[Round "2.2"]
[White "Odeev, Handszar"]
[Black "Ozen, Deniz"]
[Result "0-1"]
[ECO "B04"]
[WhiteElo "2386"]
[BlackElo "2405"]
[Annotator "NA"]
[PlyCount "94"]
[EventDate "2019.06.24"]
[EventType "schev"]
[EventCountry "TUR"]
[SourceTitle "playchess.com"]
[Source "ChessBase"]
[SourceQuality "1"]
[TimeControl "5400+30"]

1. e4 Nf6 2. e5 Nd5 3. d4 d6 4. Nf3 g6 5. Bc4 Nb6 6. Bb3 Bg7 7. Qe2 Nc6 8. O-O dxe5 9. dxe5 Nd4 10. Qe4 Nxb3 11. axb3 O-O 12. Qh4 f6 13. Nc3 Bf5 14. Be3 Qe8 15. Rfe1 Qf7 16. Nb5 Nd5 17. c4 Nxe3 18. Rxe3 g5 19. Qg3 Rac8 20. Nxc7 fxe5 21. Nxg5 Qf6 22. Nd5 Qd6 23. Ne4 Qd7 24. Qh4 Rf7 25. h3 Bxe4 26. Rxe4 e6 27. Nc3 Rcf8 28. Re2 Rf4 29. Qg3 Qc6 30. Rxa7 Kh8 31. Qe3 Rd4 32. Ra5 Qd7 33. Rb5 Rd3 34. Qb6 Rxc3 35. Kh2 Qd1 36. Re4 Rc1 37. Kg3 Qd3+ 38. Qe3 Qxe3+ 39. Rxe3 Rf7 40. Rb6 Rc2 41. f3 Bh6 42. Rd3 Bf4+ 43. Kh4 Rxg2 44. Rxe6 Bg5+ 45. Kh5 Rf5 46. Re8+ Kg7 47. Rd7+ Be7# 0-1

[Event "Mentese GM 2019"]
[Site "Mentese"]
[Date "2019.06.24"]
[Round "2.3"]
[White "Simantsev, Mikhail"]
[Black "Atakisi, Umut"]
[Result "0-1"]
[ECO "D45"]
[WhiteElo "2371"]
[BlackElo "2388"]
[Annotator "NA"]
[PlyCount "46"]
[EventDate "2019.06.24"]
[EventType "schev"]
[EventCountry "TUR"]
[SourceTitle "playchess.com"]
[Source "ChessBase"]
[SourceQuality "1"]
[TimeControl "5400+30"]

1. d4 d5 2. c4 c6 3. Nc3 Nf6 4. e3 e6 5. Nf3 Nbd7 6. Qc2 Bd6 7. Be2 O-O 8. O-O b6 9. b3 Bb7 10. Bb2 Qe7 11. Rad1 Rad8 12. Rfe1 Rfe8 13. Bf1 e5 14. cxd5 e4 15. dxc6 exf3 16. cxb7 Bxh2+ 17. Kxh2 Qd6+ 18. Kh3 Re5 19. dxe5 Qe6+ 20. Kh2 Qxe5+ 21. Kh3 Qh5+ 22. Kg3 Qg4+ 23. Kh2 Qh4+ 0-1

[Event "Mentese GM 2019"]
[Site "Mentese"]
[Date "2019.06.24"]
[Round "2.4"]
[White "Sevdimaliyev, Urfan"]
[Black "Sibashvili, Giorgi"]
[Result "1/2-1/2"]
[ECO "B33"]
[WhiteElo "2362"]
[BlackElo "2368"]
[Annotator "NA"]
[PlyCount "64"]
[EventDate "2019.06.24"]
[EventType "schev"]
[EventCountry "TUR"]
[SourceTitle "playchess.com"]
[Source "ChessBase"]
[SourceQuality "1"]
[TimeControl "5400+30"]

1. e4 c5 2. Nf3 Nc6 3. d4 cxd4 4. Nxd4 Nf6 5. Nc3 e5 6. Ndb5 d6 7. Bg5 a6 8. Na3 b5 9. Nd5 Be7 10. Bxf6 Bxf6 11. c3 Rb8 12. Nc2 Bg5 13. a4 bxa4 14. Ncb4 Bd7 15. Bxa6 Nxb4 16. cxb4 O-O 17. O-O Bc6 18. Bc4 Bxd5 19. Bxd5 Rxb4 20. Rxa4 Rxb2 21. Qf3 Qb6 22. Ra8 Qc7 23. Rxf8+ Kxf8 24. Qf5 h6 25. Qh7 Rxf2 26. Kxf2 Qc5+ 27. Kg3 Qe3+ 28. Kg4 Qe2+ 29. Rf3 Qxg2+ 30. Rg3 Qe2+ 31. Kh3 Qh5+ 32. Kg2 Qe2+ 1/2-1/2

[Event "Mentese GM 2019"]
[Site "Mentese"]
[Date "2019.06.24"]
[Round "2.5"]
[White "Maghalashvili, Davit"]
[Black "Alumert, Orkun Efe"]
[Result "1-0"]
[ECO "A49"]
[WhiteElo "2500"]
[BlackElo "2008"]
[Annotator "ChessBase"]
[PlyCount "49"]
[EventDate "2019.06.24"]
[EventType "schev"]
[EventCountry "TUR"]
[SourceTitle "playchess.com"]
[Source "ChessBase"]
[SourceQuality "1"]
[TimeControl "5400+30"]

1. Nf3 Nf6 2. g3 g6 3. b3 Bg7 4. Bb2 O-O 5. Bg2 d6 6. d4 c5 7. O-O cxd4 8. Nxd4 d5 9. Na3 b6 10. c4 Bb7 11. Rc1 Qd7 12. Ndb5 a6 13. Nc3 Rd8 14. Nxd5 Nxd5 15. Bxg7 Kxg7 16. cxd5 Bxd5 17. Qd4+ f6 18. Bxd5 Qxd5 19. Qxb6 Rd6 20. Qc5 Qxc5 21. Rxc5 Rd2 22. Rc8 Rd7 23. Nc4 Rb7 24. Na5 Rba7 25. Rd1 1-0

[Event "Mentese GM 2019"]
[Site "Mentese"]
[Date "2019.06.25"]
[Round "3.5"]
[White "Alumert, Orkun Efe"]
[Black "Bagaturov, Giorgi"]
[Result "1/2-1/2"]
[ECO "B52"]
[WhiteElo "2008"]
[BlackElo "2422"]
[Annotator "NA"]
[PlyCount "62"]
[EventDate "2019.06.24"]
[EventType "schev"]
[EventCountry "TUR"]
[SourceTitle "playchess.com"]
[Source "ChessBase"]
[SourceQuality "1"]
[TimeControl "5400+30"]

1. e4 c5 2. Nf3 d6 3. Bb5+ Bd7 4. Bxd7+ Qxd7 5. O-O Nc6 6. c3 Nf6 7. Re1 e6 8. d4 cxd4 9. cxd4 d5 10. e5 Ne4 11. Nbd2 Nxd2 12. Bxd2 Bb4 13. Rc1 Bxd2 14. Qxd2 O-O 15. Rc3 Rac8 16. Rec1 Ne7 17. Rxc8 Rxc8 18. Rxc8+ Qxc8 19. h3 h6 20. b3 Nc6 21. Qc3 Ne7 22. Qxc8+ Nxc8 23. Kf1 Kf8 24. Ke2 Ke8 25. Kd3 Kd7 26. Ne1 Ne7 27. f4 h5 28. g4 hxg4 29. hxg4 Ng6 30. Ng2 Ne7 31. Ne3 Ng6 1/2-1/2

[Event "Mentese GM 2019"]
[Site "Mentese"]
[Date "2019.06.25"]
[Round "4.1"]
[White "Simantsev, Mikhail"]
[Black "Annaberdiev, Meilis"]
[Result "1/2-1/2"]
[ECO "A41"]
[WhiteElo "2371"]
[BlackElo "2532"]
[Annotator "ChessBase"]
[PlyCount "69"]
[EventDate "2019.06.24"]
[EventType "schev"]
[EventCountry "TUR"]
[SourceTitle "playchess.com"]
[Source "ChessBase"]
[SourceQuality "1"]
[TimeControl "5400+30"]

1. d4 d6 2. Nf3 g6 3. c4 Bg7 4. Nc3 Bg4 5. g3 Bxf3 6. exf3 Nh6 7. g4 Ng8 8. Be3 Nd7 9. Bg2 e6 10. f4 Ne7 11. Qe2 c6 12. h4 h5 13. gxh5 Rxh5 14. Bf3 Nf6 15. O-O-O d5 16. cxd5 cxd5 17. Qb5+ Qd7 18. Qxd7+ Kxd7 19. Bxh5 Nxh5 20. Ne2 Nf5 21. Rh3 Bf6 22. Rdh1 Rh8 23. Kd2 Nhg7 24. Kd3 Rxh4 25. Rxh4 Bxh4 26. Ng1 Nh5 27. Nf3 Bd8 28. Ne5+ Ke8 29. Rc1 Ne7 30. Bd2 a5 31. a3 f6 32. Nf3 Kd7 33. Nh4 Ke8 34. Nf3 Kd7 35. Nh4 1/2-1/2

[Event "Mentese GM 2019"]
[Site "Mentese"]
[Date "2019.06.25"]
[Round "4.2"]
[White "Sevdimaliyev, Urfan"]
[Black "Ozen, Deniz"]
[Result "1/2-1/2"]
[ECO "C07"]
[WhiteElo "2362"]
[BlackElo "2405"]
[Annotator "NA"]
[PlyCount "64"]
[EventDate "2019.06.24"]
[EventType "schev"]
[EventCountry "TUR"]
[SourceTitle "playchess.com"]
[Source "ChessBase"]
[SourceQuality "1"]
[TimeControl "5400+30"]

1. e4 e6 2. d4 d5 3. Nd2 c5 4. exd5 Qxd5 5. Ngf3 cxd4 6. Bc4 Qd7 7. O-O Nc6 8. Nb3 a6 9. a4 Nf6 10. Qe2 Bd6 11. Rd1 O-O 12. Nbxd4 e5 13. Nxc6 Qxc6 14. Bg5 Bc7 15. Bb5 Qe6 16. Bc4 Qf5 17. Bxf6 Qxf6 18. Bd5 Rb8 19. Ra3 Bf5 20. Re3 e4 21. Bxe4 Bb6 22. Rb3 Rbe8 23. Nd2 Qd4 24. Nf3 Qf6 25. Nd2 Qd4 26. Nf3 Qf6 27. Nd2 Qd4 28. Nf3 Qf6 29. Nd2 Qd4 30. Nf3 Qf6 31. Nd2 Qd4 32. c3 Qxf2+ 1/2-1/2

[Event "Mentese GM 2019"]
[Site "Mentese"]
[Date "2019.06.25"]
[Round "4.3"]
[White "Maghalashvili, Davit"]
[Black "Atakisi, Umut"]
[Result "1/2-1/2"]
[ECO "D02"]
[WhiteElo "2500"]
[BlackElo "2388"]
[Annotator "ChessBase"]
[PlyCount "60"]
[EventDate "2019.06.24"]
[EventType "schev"]
[EventCountry "TUR"]
[SourceTitle "playchess.com"]
[Source "ChessBase"]
[SourceQuality "1"]
[TimeControl "5400+30"]

1. Nf3 d5 2. g3 g6 3. Bg2 Bg7 4. d4 Nf6 5. O-O O-O 6. c3 c6 7. Bf4 Bf5 8. Nbd2 Nbd7 9. Nh4 Be6 10. e4 Nxe4 11. Nxe4 dxe4 12. Bxe4 Nf6 13. Bg2 Bd5 14. Nf3 Re8 15. Re1 Qb6 16. Qe2 Rad8 17. a4 a5 18. Be5 Nd7 19. Bxg7 Kxg7 20. h4 h6 21. Bh3 Bxf3 22. Qxf3 e6 23. b4 Nf6 24. Rab1 axb4 25. Rxb4 Qa7 26. Reb1 Re7 27. Bg2 Rd5 28. Qd1 Ra5 29. Qb3 Nd5 30. Bxd5 exd5 1/2-1/2

[Event "Mentese GM 2019"]
[Site "Mentese"]
[Date "2019.06.25"]
[Round "4.4"]
[White "Bagaturov, Giorgi"]
[Black "Sibashvili, Giorgi"]
[Result "1/2-1/2"]
[ECO "A14"]
[WhiteElo "2422"]
[BlackElo "2368"]
[Annotator "NA"]
[PlyCount "159"]
[EventDate "2019.06.24"]
[EventType "schev"]
[EventCountry "TUR"]
[SourceTitle "playchess.com"]
[Source "ChessBase"]
[SourceQuality "1"]
[TimeControl "5400+30"]

1. c4 Nf6 2. Nf3 e6 3. g3 d5 4. Bg2 Be7 5. O-O O-O 6. b3 b6 7. Bb2 Bb7 8. e3 c5 9. Nc3 Nc6 10. cxd5 Nxd5 11. Nxd5 exd5 12. d4 Ba6 13. Re1 c4 14. bxc4 dxc4 15. d5 Nb4 16. Ne5 Rc8 17. a3 Nd3 18. Nxd3 cxd3 19. Be4 Bc4 20. Qh5 g6 21. Qe5 f6 22. Qe6+ Kg7 23. Red1 Rc5 24. Bd4 Rxd5 25. Bxd5 Bxd5 26. Qg4 h5 27. Qh4 Kh6 28. Rxd3 Qc8 29. Bb2 Ba8 30. Qa4 Qb7 31. e4 Bc5 32. Rd7 Qxe4 33. Qxe4 Bxe4 34. Re1 Bc6 35. Rxa7 Rd8 36. Rf7 Rd2 37. Rxf6 Rxb2 38. Rxc6 Bxf2+ 39. Kf1 Bxe1 40. Kxe1 Rxh2 41. Rxb6 Rg2 42. Rb3 Ra2 43. Kf1 Kg5 44. Rb4 Rxa3 45. Kg2 Ra5 46. Rc4 Re5 47. Ra4 Kf5 48. Rf4+ Ke6 49. Ra4 g5 50. Kf3 Rb5 51. Ke4 Re5+ 52. Kf3 Kf5 53. Ra8 Rb5 54. Rf8+ Kg6 55. Rg8+ Kf7 56. Rh8 Rb3+ 57. Kf2 Kg6 58. Ra8 Kf5 59. Ra4 Rb2+ 60. Ke3 Rc2 61. Rb4 Ra2 62. Rc4 Rh2 63. Ra4 Rh1 64. Kf2 Rh2+ 65. Ke3 Rb2 66. Rc4 Rb5 67. Ra4 g4 68. Kf2 Rb2+ 69. Ke3 Rb3+ 70. Kf2 Rf3+ 71. Kg2 Re3 72. Ra5+ Re5 73. Ra4 Re2+ 74. Kf1 Rd2 75. Kg1 Ke5 76. Rb4 Rd4 77. Rb5+ Ke4 78. Rxh5 Kf3 79. Rf5+ Kxg3 80. Rf1 1/2-1/2

[Event "Mentese GM 2019"]
[Site "Mentese"]
[Date "2019.06.25"]
[Round "4.5"]
[White "Odeev, Handszar"]
[Black "Alumert, Orkun Efe"]
[Result "1-0"]
[ECO "C07"]
[WhiteElo "2386"]
[BlackElo "2008"]
[Annotator "NA"]
[PlyCount "83"]
[EventDate "2019.06.24"]
[EventType "schev"]
[EventCountry "TUR"]
[SourceTitle "playchess.com"]
[Source "ChessBase"]
[SourceQuality "1"]
[TimeControl "5400+30"]

1. e4 e6 2. d4 d5 3. Nd2 c5 4. Ngf3 cxd4 5. exd5 Qxd5 6. Bc4 Qd6 7. O-O Nf6 8. Nb3 Nc6 9. Nbxd4 Nxd4 10. Nxd4 a6 11. Bb3 Qc7 12. Re1 Bd6 13. Nf5 Bxh2+ 14. Kh1 O-O 15. Nxg7 Rd8 16. Qf3 Kxg7 17. c3 Be5 18. Qe3 Nd7 19. Qh6+ Kh8 20. Bc2 Nf8 21. Rxe5 Qxe5 22. Bg5 Ng6 23. Bxd8 Qg7 24. Qg5 h6 25. Qd2 e5 26. Qd6 Be6 27. Be4 Rc8 28. Re1 Rc4 29. Re3 Kh7 30. Bxb7 Rf4 31. Kg1 Bxa2 32. g3 Ra4 33. Bf6 Qg8 34. Bxe5 Be6 35. Bd4 Ra1+ 36. Kh2 Nh4 37. Rxe6 fxe6 38. Qe7+ Kg6 39. Qxh4 Re1 40. Be4+ Kf7 41. Qf6+ Ke8 42. Bc6# 1-0

[Event "Mentese GM 2019"]
[Site "Mentese"]
[Date "2019.06.26"]
[Round "6.2"]
[White "Bagaturov, Giorgi"]
[Black "Ozen, Deniz"]
[Result "1/2-1/2"]
[ECO "D18"]
[WhiteElo "2422"]
[BlackElo "2405"]
[Annotator "NA"]
[PlyCount "29"]
[EventDate "2019.06.24"]
[EventType "schev"]
[EventCountry "TUR"]
[SourceTitle "playchess.com"]
[Source "ChessBase"]
[SourceQuality "1"]
[TimeControl "5400+30"]

1. d4 d5 2. c4 c6 3. Nf3 Nf6 4. Nc3 dxc4 5. a4 Bf5 6. e3 e6 7. Bxc4 Bb4 8. O-O Nbd7 9. Qb3 a5 10. Na2 Be7 11. Qxb7 Rb8 12. Qa7 Ra8 13. Qb7 Rb8 14. Qa7 Ra8 15. Qb7 1/2-1/2

[Event "Mentese GM 2019"]
[Site "Mentese"]
[Date "2019.06.27"]
[Round "8.1"]
[White "Odeev, Handszar"]
[Black "Annaberdiev, Meilis"]
[Result "0-1"]
[ECO "B84"]
[WhiteElo "2386"]
[BlackElo "2532"]
[Annotator "ChessBase"]
[PlyCount "108"]
[EventDate "2019.06.24"]
[EventType "schev"]
[EventCountry "TUR"]
[SourceTitle "playchess.com"]
[Source "ChessBase"]
[SourceQuality "1"]
[TimeControl "5400+30"]

1. e4 c5 2. Nf3 e6 3. d4 cxd4 4. Nxd4 a6 5. Nc3 Qc7 6. Be2 Nf6 7. O-O d6 8. Be3 b5 9. a3 Bb7 10. f3 Nbd7 11. Qd2 Be7 12. g4 h6 13. Rf2 Rc8 14. a4 b4 15. Na2 d5 16. Nxb4 Bxb4 17. Qxb4 dxe4 18. f4 Nd5 19. Qa3 Nxe3 20. Qxe3 O-O 21. c4 e5 22. Nf5 exf4 23. Rxf4 Ne5 24. Rd1 Rcd8 25. Rff1 Nf3+ 26. Bxf3 exf3 27. c5 Rfe8 28. Rxd8 Qxd8 29. Qd4 Qg5 30. h4 Qg6 31. Qf4 Qc6 32. Kh2 Qxc5 33. Kg3 Qc2 34. Rf2 Qd1 35. Qd4 Qxd4 36. Nxd4 Re3 37. Rd2 Re1 38. Kf2 Re4 39. Kg3 f2 40. Kxf2 Rxg4 41. h5 Rh4 42. b3 Rxh5 43. Kg3 Rd5 44. b4 h5 45. Kf4 g5+ 46. Ke3 Re5+ 47. Kf2 h4 48. Ne2 Bc6 49. a5 g4 50. Nd4 g3+ 51. Kf1 g2+ 52. Rxg2+ Bxg2+ 53. Kxg2 Re4 54. Nc6 Kg7 0-1

[Event "Mentese GM 2019"]
[Site "Mentese"]
[Date "2019.06.27"]
[Round "8.2"]
[White "Simantsev, Mikhail"]
[Black "Ozen, Deniz"]
[Result "0-1"]
[ECO "A23"]
[WhiteElo "2371"]
[BlackElo "2405"]
[Annotator "NA"]
[PlyCount "72"]
[EventDate "2019.06.24"]
[EventType "schev"]
[EventCountry "TUR"]
[SourceTitle "playchess.com"]
[Source "ChessBase"]
[SourceQuality "1"]
[TimeControl "5400+30"]

1. c4 Nf6 2. Nc3 e5 3. g3 Bb4 4. Bg2 O-O 5. e3 c6 6. Nge2 d5 7. cxd5 cxd5 8. d4 e4 9. Qb3 Nc6 10. Bd2 Be7 11. f3 Na5 12. Qc2 exf3 13. Bxf3 Be6 14. Nf4 Rc8 15. b3 Nc6 16. O-O Qd7 17. Qb2 h6 18. Nxe6 fxe6 19. Ne2 Bd6 20. Bc3 Rf7 21. Nf4 Ne7 22. Rae1 Rcf8 23. Qb1 a6 24. e4 Bxf4 25. gxf4 dxe4 26. Bxe4 Nxe4 27. Qxe4 Nd5 28. Bd2 Rf6 29. Rf3 Qf7 30. Ref1 Qg6+ 31. Qxg6 Rxg6+ 32. Rg3 Rxg3+ 33. hxg3 Rc8 34. Rc1 Rxc1+ 35. Bxc1 Nc3 36. Bb2 Nxa2 0-1

[Event "Mentese GM 2019"]
[Site "Mentese"]
[Date "2019.06.27"]
[Round "8.3"]
[White "Sevdimaliyev, Urfan"]
[Black "Atakisi, Umut"]
[Result "1/2-1/2"]
[ECO "B33"]
[WhiteElo "2362"]
[BlackElo "2388"]
[Annotator "NA"]
[PlyCount "29"]
[EventDate "2019.06.24"]
[EventType "schev"]
[EventCountry "TUR"]
[SourceTitle "playchess.com"]
[Source "ChessBase"]
[SourceQuality "1"]
[TimeControl "5400+30"]

1. e4 c5 2. Nf3 Nc6 3. d4 cxd4 4. Nxd4 Nf6 5. Nc3 e6 6. Ndb5 d6 7. Bf4 e5 8. Bg5 a6 9. Na3 b5 10. Nd5 Qa5+ 11. Bd2 Qd8 12. Bg5 Qa5+ 13. Bd2 Qd8 14. Bg5 Qa5+ 15. Bd2 1/2-1/2

[Event "Mentese GM 2019"]
[Site "Mentese"]
[Date "2019.06.27"]
[Round "8.4"]
[White "Maghalashvili, Davit"]
[Black "Sibashvili, Giorgi"]
[Result "1/2-1/2"]
[ECO "C68"]
[WhiteElo "2500"]
[BlackElo "2368"]
[Annotator "ChessBase"]
[PlyCount "30"]
[EventDate "2019.06.24"]
[EventType "schev"]
[EventCountry "TUR"]
[SourceTitle "playchess.com"]
[Source "ChessBase"]
[SourceQuality "1"]
[TimeControl "5400+30"]

1. e4 e5 2. Nf3 Nc6 3. Bb5 a6 4. Bxc6 dxc6 5. O-O Bg4 6. h3 h5 7. c3 Qd3 8. hxg4 hxg4 9. Nxe5 Bd6 10. Nxd3 Bh2+ 11. Kh1 Bg3+ 12. Kg1 Bh2+ 13. Kh1 Bg3+ 14. Kg1 Bh2+ 15. Kh1 Bg3+ 1/2-1/2

[Event "Mentese GM 2019"]
[Site "Mentese"]
[Date "2019.06.27"]
[Round "8.5"]
[White "Bagaturov, Giorgi"]
[Black "Alumert, Orkun Efe"]
[Result "1/2-1/2"]
[ECO "E08"]
[WhiteElo "2422"]
[BlackElo "2008"]
[Annotator "NA"]
[PlyCount "24"]
[EventDate "2019.06.24"]
[EventType "schev"]
[EventCountry "TUR"]
[SourceTitle "playchess.com"]
[Source "ChessBase"]
[SourceQuality "1"]
[TimeControl "5400+30"]

1. d4 d5 2. c4 c6 3. Nf3 Nf6 4. Qc2 e6 5. g3 Be7 6. Bg2 O-O 7. O-O Nbd7 8. Bf4 Nh5 9. Bc1 Nhf6 10. Bf4 Nh5 11. Bc1 Nhf6 12. Bf4 Nh5 1/2-1/2

[Event "Mentese GM 2019"]
[Site "Mentese"]
[Date "2019.06.28"]
[Round "9.1"]
[White "Annaberdiev, Meilis"]
[Black "Simantsev, Mikhail"]
[Result "1-0"]
[ECO "C68"]
[WhiteElo "2532"]
[BlackElo "2371"]
[Annotator "ChessBase"]
[PlyCount "115"]
[EventDate "2019.06.24"]
[EventType "schev"]
[EventCountry "TUR"]
[SourceTitle "playchess.com"]
[Source "ChessBase"]
[SourceQuality "1"]
[TimeControl "5400+30"]

1. e4 e5 2. Nf3 Nc6 3. Bb5 a6 4. Bxc6 dxc6 5. O-O Bg4 6. h3 h5 7. d3 Qf6 8. Be3 Bxf3 9. Qxf3 Qxf3 10. gxf3 Bd6 11. Nd2 Ne7 12. Rfd1 Ng6 13. Kf1 Nf8 14. Nb3 Ne6 15. d4 exd4 16. Nxd4 Nxd4 17. Bxd4 f6 18. Ke2 Kf7 19. Ke3 g5 20. h4 Bf4+ 21. Ke2 g4 22. Be3 gxf3+ 23. Kxf3 Bd6 24. c4 Ke6 25. c5 Be7 26. Rac1 Rhg8 27. Bf4 Rg4 28. Bxc7 Rxh4 29. Bd6 Rd8 30. Bxe7 Rxd1 31. Rxd1 Kxe7 32. Rg1 Kf7 33. Ke3 f5 34. exf5 Kf6 35. Rg8 Kxf5 36. Rf8+ Ke6 37. Rh8 Kd5 38. Rh7 Kxc5 39. Rxb7 Rh1 40. Kf3 h4 41. Kg2 Ra1 42. a3 a5 43. Ra7 Kb6 44. Rd7 Rc1 45. Rd2 Rc4 46. Kf3 Kc5 47. Ke3 Rg4 48. f3 Rg8 49. Rh2 Rh8 50. Ke4 Kc4 51. f4 Kb3 52. f5 c5 53. f6 c4 54. Kd5 c3 55. bxc3 Kxa3 56. f7 Kb3 57. Rxh4 Rf8 58. Ke4 1-0

[Event "Mentese GM 2019"]
[Site "Mentese"]
[Date "2019.06.28"]
[Round "9.4"]
[White "Sibashvili, Giorgi"]
[Black "Bagaturov, Giorgi"]
[Result "1-0"]
[ECO "B30"]
[WhiteElo "2368"]
[BlackElo "2422"]
[Annotator "NA"]
[PlyCount "85"]
[EventDate "2019.06.24"]
[EventType "schev"]
[EventCountry "TUR"]
[SourceTitle "playchess.com"]
[Source "ChessBase"]
[SourceQuality "1"]
[TimeControl "5400+30"]

1. e4 c5 2. Nf3 Nc6 3. Bb5 e6 4. O-O Nge7 5. c3 a6 6. Be2 d5 7. exd5 Nxd5 8. d4 Nf6 9. Be3 Nd5 10. Bg5 Be7 11. Bxe7 Qxe7 12. dxc5 Qxc5 13. Nbd2 O-O 14. Nb3 Qe7 15. Nfd4 Ne5 16. Re1 Qf6 17. Nf3 $14 Ng6 18. Qd4 Qxd4 19. Nfxd4 e5 20. Nc2 Ndf4 21. Bf1 Rd8 22. Rad1 Bg4 23. f3 Bf5 24. Ne3 Bd3 25. Nc5 Bxf1 26. Kxf1 b6 27. Rxd8+ Rxd8 28. Nxa6 Rd2 29. g3 Rxh2 30. gxf4 Nxf4 31. Nb4 Rh1+ 32. Kf2 Rh2+ 33. Kg1 Rxb2 34. Nc4 Rg2+ 35. Kh1 f6 36. Nxb6 Rf2 37. a4 Rxf3 38. N6d5 Rh3+ 39. Kg1 Ne6 40. a5 Nc5 41. a6 Nxa6 42. Nxa6 Rh4 43. Rc1 1-0

[Event "Mentese GM 2019"]
[Site "Mentese"]
[Date "2019.06.28"]
[Round "9.5"]
[White "Alumert, Orkun Efe"]
[Black "Odeev, Handszar"]
[Result "1/2-1/2"]
[ECO "B52"]
[WhiteElo "2008"]
[BlackElo "2386"]
[Annotator "NA"]
[PlyCount "63"]
[EventDate "2019.06.24"]
[EventType "schev"]
[EventCountry "TUR"]
[SourceTitle "playchess.com"]
[Source "ChessBase"]
[SourceQuality "1"]
[TimeControl "5400+30"]

1. e4 c5 2. Nf3 d6 3. Bb5+ Bd7 4. Bxd7+ Nxd7 5. O-O Ngf6 6. Re1 Rc8 7. c4 e6 8. Nc3 Be7 9. d4 cxd4 10. Qxd4 a6 11. b3 O-O 12. Bb2 Qa5 13. Qd2 Qb6 14. Rad1 $11 Rfd8 15. Qe3 Qa5 16. Qd2 Qc7 17. Qe2 Bf8 18. h3 Qa5 19. a3 Qb6 20. Nd4 Nc5 21. b4 Ncd7 22. Na4 Qa7 23. Nb3 Qb8 24. Rc1 Re8 25. e5 dxe5 26. Bxe5 Nxe5 27. Qxe5 Bd6 28. Qe2 Bf4 29. Rcd1 Qc7 30. c5 h5 31. Nb6 Rcd8 32. Na5 1/2-1/2

[Event "Mentese GM 2019"]
[Site "Mentese"]
[Date "2019.06.28"]
[Round "10.1"]
[White "Sevdimaliyev, Urfan"]
[Black "Annaberdiev, Meilis"]
[Result "1/2-1/2"]
[ECO "B44"]
[WhiteElo "2362"]
[BlackElo "2532"]
[Annotator "ChessBase"]
[PlyCount "133"]
[EventDate "2019.06.24"]
[EventType "schev"]
[EventCountry "TUR"]
[SourceTitle "playchess.com"]
[Source "ChessBase"]
[SourceQuality "1"]
[TimeControl "5400+30"]

1. e4 c5 2. Nf3 e6 3. c4 Nc6 4. Nc3 Nf6 5. d4 cxd4 6. Nxd4 Bb4 7. Nxc6 bxc6 8. Bd3 e5 9. O-O O-O 10. f4 d6 11. Na4 d5 12. fxe5 Nxe4 13. Qc2 f5 14. exf6 Nxf6 15. Bg5 h6 16. Bh4 Bd6 17. cxd5 cxd5 18. Qc6 Be6 19. Bg3 Bd7 20. Qxd6 Bxa4 21. Qe6+ Kh8 22. Bh4 Bd7 23. Qd6 Qb6+ 24. Qxb6 axb6 25. Bxf6 Rxf6 26. Rxf6 gxf6 27. Kf2 Kg8 28. a3 Kf7 29. Ke3 Ke6 30. Kf4 Kd6 31. Bf5 Rc8 32. Bxd7 Kxd7 33. Rd1 Ke6 34. Re1+ Kf7 35. Re2 Rc1 36. Ke3 Rd1 37. Rd2 Rb1 38. Kd4 Ke6 39. Re2+ Kd6 40. Kc3 Rc1+ 41. Kd2 Rh1 42. h3 Rf1 43. Kc3 f5 44. a4 f4 45. Kb4 Rc1 46. Kb5 d4 47. b4 Kd5 48. Re8 d3 49. Rd8+ Ke4 50. Kxb6 Ke3 51. a5 d2 52. a6 d1=Q 53. Rxd1 Rxd1 54. a7 Ra1 55. Kb7 Kd4 56. b5 Kc5 57. b6 h5 58. h4 Kb5 59. a8=Q Rxa8 60. Kxa8 Kxb6 61. Kb8 Kc6 62. Kc8 Kd6 63. Kd8 Ke6 64. Kc7 Kf5 65. Kd6 Kg4 66. Ke5 Kxh4 67. Kxf4 1/2-1/2

[Event "Mentese GM 2019"]
[Site "Mentese"]
[Date "2019.06.28"]
[Round "10.2"]
[White "Maghalashvili, Davit"]
[Black "Ozen, Deniz"]
[Result "1/2-1/2"]
[ECO "E06"]
[WhiteElo "2500"]
[BlackElo "2405"]
[Annotator "ChessBase"]
[PlyCount "25"]
[EventDate "2019.06.24"]
[EventType "schev"]
[EventCountry "TUR"]
[SourceTitle "playchess.com"]
[Source "ChessBase"]
[SourceQuality "1"]
[TimeControl "5400+30"]

1. d4 d5 2. c4 e6 3. Nf3 Nf6 4. g3 Bb4+ 5. Bd2 Be7 6. Bg2 O-O 7. O-O c6 8. Qc2 b6 9. Bf4 Nh5 10. Bd2 Nf6 11. Bf4 Nh5 12. Bd2 Nf6 13. Bf4 1/2-1/2

[Event "Mentese GM 2019"]
[Site "Mentese"]
[Date "2019.06.28"]
[Round "10.3"]
[White "Bagaturov, Giorgi"]
[Black "Atakisi, Umut"]
[Result "1/2-1/2"]
[ECO "D79"]
[WhiteElo "2422"]
[BlackElo "2388"]
[Annotator "NA"]
[PlyCount "24"]
[EventDate "2019.06.24"]
[EventType "schev"]
[EventCountry "TUR"]
[SourceTitle "playchess.com"]
[Source "ChessBase"]
[SourceQuality "1"]
[TimeControl "5400+30"]

1. d4 Nf6 2. c4 g6 3. Nf3 Bg7 4. g3 O-O 5. Bg2 c6 6. O-O d5 7. cxd5 cxd5 8. Ne5 Ng4 9. Nf3 Nf6 10. Ne5 Ng4 11. Nf3 Nf6 12. Ne5 Ng4 1/2-1/2

[Event "Mentese GM 2019"]
[Site "Mentese"]
[Date "2019.06.28"]
[Round "10.4"]
[White "Odeev, Handszar"]
[Black "Sibashvili, Giorgi"]
[Result "0-1"]
[ECO "A17"]
[WhiteElo "2386"]
[BlackElo "2368"]
[Annotator "NA"]
[PlyCount "96"]
[EventDate "2019.06.24"]
[EventType "schev"]
[EventCountry "TUR"]
[SourceTitle "playchess.com"]
[Source "ChessBase"]
[SourceQuality "1"]
[TimeControl "5400+30"]

1. c4 Nf6 2. Nc3 e6 3. g3 d5 4. Bg2 d4 5. Ne4 Nxe4 6. Bxe4 f5 7. Bg2 e5 8. d3 Nc6 9. a3 Be7 10. b4 Bf6 11. Rb1 O-O 12. b5 Ne7 13. Nf3 e4 14. Ng1 Ng6 15. dxe4 fxe4 16. Bxe4 Re8 17. Qc2 Qe7 18. f3 Qc5 19. Bd3 Ne5 20. Bxh7+ Kh8 21. Be4 Be6 22. Kf1 Nxc4 23. Kg2 Bd5 24. Bd3 Ne3+ 25. Bxe3 Qxc2 26. Bxc2 Rxe3 27. Bd3 c5 28. bxc6 bxc6 29. Kf2 c5 30. Rb5 c4 31. Bf5 Bf7 32. Be4 Rc8 33. Nh3 Rxa3 34. Rhb1 Rb3 35. Rb7 Kg8 36. Nf4 a5 37. Ra1 Rxb7 38. Bxb7 Rc5 39. Be4 g5 40. Ng2 d3 41. Ra4 d2 42. Bc2 Rb5 43. e3 Rb2 44. Bd1 Rb1 45. Ke2 c3 46. Bc2 Rc1 47. Kd3 d1=Q+ 48. Bxd1 Rxd1+ 0-1